 Dungeon Crawl Stone Soup version 0.29-a0-670-g5ff2a30383 (webtiles) character file.

Game seed: 3040499384120603588

2139 Tycho the Digger (level 9, 0/50 HPs)
             Began as a Gargoyle Earth Elementalist on June 3, 2022.
             Was a Follower of Vehumet.
             Slain by a wight
             ... wielding a +3 scimitar
              (10 damage)
             ... on level 6 of the Dungeon on June 24, 2022.
             The game lasted 00:21:28 (7461 turns).

Tycho the Digger (Gargoyle Earth Elementalist)      Turns: 7461, Time: 00:21:29

Health: 0/50       AC:  0    Str: 15    XL:     9   Next: 30%
Magic:  15/16      EV: 16    Int: 20    God:    Vehumet [*.....]
Gold:   317        SH:  0    Dex: 16    Spells: 13/18 levels left

rFire   + + .      SeeInvis .   s - +4 spear (venom)
rCold   . . .      Faith    .   (no shield)
rNeg    + . .      Spirit   .   x - +0 leather armour {rF+}
rPois   ∞          Reflect  .   (no helmet)
rElec   +          Harm     .   (no cloak)
rCorr   .          Rampage  .   (no gloves)
Will    .....                   n - +1 pair of boots
Stlth   ++........              (no amulet)
HPRegen 0.16/turn               k - ring "Ucont" {rF+ EV+4 Str+3}
MPRegen 0.15/turn               u - +6 ring of dexterity

@: corroded
A: sickness immunity, AC +6, negative energy resistance 1, electricity
resistance, torment resistance 1, petrification resistance
a: Renounce Religion


You were on level 6 of the Dungeon.
You worshipped Vehumet.
Vehumet was aware of your devotion.
You visited 2 branches of the dungeon, and saw 7 of its levels.

You collected 317 gold pieces.

Inventory:

Hand Weapons
 m - a +3 whip of electrocution
 s - a +4 spear of venom (weapon)
 v - the +1 dagger "Qomnej" {venom, Will+ rCorr Str-3}
   (You found it on level 2 of the Dungeon)

   It poisons the flesh of those it strikes.
   Str:       It affects your strength (-3).
   rCorr:     It protects you from acid and corrosion.
   Will:      It increases your willpower.
 G - a +1 flail
Missiles
 a - 178 stones
 d - a throwing net
Armour
 e - a +2 kite shield
 n - a +1 pair of boots (worn)
 x - a +0 leather armour of fire resistance (worn)
 B - a +0 robe
 D - a +0 leather armour
Jewellery
 h - a ring of protection from fire
 k - the ring "Ucont" (left hand) {rF+ EV+4 Str+3}
   (You found it on level 5 of the Dungeon)

   [ring of evasion]

   EV:        It affects your evasion (+4).
   Str:       It affects your strength (+3).
   rF:        It protects you from fire.
 u - a +6 ring of dexterity (right hand)
 E - an amulet of guardian spirit
Wands
 r - a wand of digging (16)
 A - a wand of polymorph (14)
 H - a wand of flame (17)
Scrolls
 o - 4 scrolls of blinking
 q - a scroll of teleportation {@r4}
 y - a scroll of magic mapping
 C - a scroll of identify {@r9}
Potions
 b - a potion of curing {@q1}
 c - a potion of magic
 f - a potion of ambrosia
 g - 3 potions of berserk rage
 i - a potion of resistance {unknown}
 j - a potion of mutation {unknown}
 l - a potion of brilliance {unknown}
 p - 2 potions of lignification {!q}
 t - a potion of heal wounds {unknown}
 w - 2 potions of haste {@q3}
 z - a potion of attraction {unknown}
 J - 3 potions of flight


   Skills:
 + Level 3.1 Fighting
 + Level 2.8 Maces & Flails
 + Level 3.1 Armour
 + Level 3.0 Dodging
 - Level 2.1 Stealth
 + Level 2.3 Shields
 + Level 5.1 Spellcasting
 + Level 5.1 Conjurations
 - Level 0.7 Transmutations
 + Level 2.2 Fire Magic
 + Level 7.3 Earth Magic
 + Level 2.6 Evocations


You had 13 spell levels left.
You knew the following spells:

 Your Spells              Type           Power      Damage    Failure   Level
a - Sandblast             Erth           68%        2d15      1%          1
b - Stone Arrow           Conj/Erth      60%        3d10      3%          3
c - Foxfire               Conj/Fire      76%        2x1d7     3%          1

Your spell library contained the following spells:

 Spells                   Type           Power      Damage    Failure   Level
 Passwall                 Tmut/Erth      17%        N/A       4%          2
 Conjure Flame            Conj/Fire      19%        6-21      10%         3
 Petrify                  Tmut/Erth      21%        N/A       26%         4
 Ignite Poison            Fire/Tmut/Pois 9%         N/A       28%         3
 Animate Armour           Summ/Erth      38%        N/A       30%         4
 Sticky Flame             Conj/Fire      19%        2d4       30%         4
 Iron Shot                Conj/Erth      15%        9d4       86%         6
 Blade Hands              Tmut           4%         N/A       96%         5


Dungeon Overview and Level Annotations

Branches:
Dungeon (6/15)             Temple (1/1) D:4

Altars:
Ashenzari
Cheibriados
Dithmenos
Elyvilon
Fedhas
Gozag
Hepliaklqana
Kikubaaqudgha
Nemelex Xobeh
Okawaru
Qazlal
Ru
Sif Muna
Trog
Uskayaw
Vehumet
Wu Jian
Xom
Zin


Innate Abilities, Weirdness & Mutations

You are immune to sickness and miasma.
Your stone body is resilient. (AC +6)
You are immune to poison.
You resist negative energy. (rN+)
You are resistant to electric shocks. (rElec)
You are resistant to unholy torment.
You are immune to petrification.


Message History

You destroy the wight!
Vehumet accepts your kill.
You feel your power returning.
a - 178 stones (gained 3);
B - a +0 robe You now have 317 gold pieces (gained 14).
You see here a +0 mace.
There is a stone staircase leading down here.
You start resting.
HP restored.
You climb downwards.
There is a stone staircase leading up here.
D - a +0 leather armour
Things that are here:
a +0 dagger; a +0 hand axe You see here a +0 club.
The wight zaps a wand.
The bolt of acid hits you!! The acid corrodes you!
An orc comes into view. It is wielding a +0 short sword.
The wight zaps a wand.
The bolt of acid hits you. The acid corrodes you!
Casting: Sandblast (safe; 1% risk of failure)
Confirm with . or Enter, or press ? or * to list all spells.
The blast of sand hits the wight.
The wight is lightly damaged.
The orc shouts!
You hear a bark!
The wight zaps a wand.
The bolt of acid hits you!!
* * * LOW HITPOINT WARNING * * *
The acid corrodes you!
Casting: Sandblast (safe; 1% risk of failure)
Confirm with . or Enter, or press ? or * to list all spells.
The blast of sand hits the orc!
You kill the orc!
Vehumet accepts your kill.
You feel your power returning.
The wight zaps a wand.
The bolt of acid misses you.
Casting: Sandblast (safe; 1% risk of failure)
Confirm with . or Enter, or press ? or * to list all spells.
The blast of sand hits the wight!
The wight is severely damaged.
The wight misses you. The wight completely misses you.
The wight hits you with a +3 scimitar!
You die... █•••••••█ ██•••••♣ █•••[•••█ ██••••♣ █•••••••█ ██•••••♣ █•••••••█ █••••••♣♣ █••••)<•█ █•••••••♣♣ █••••)••█ █••••••••• ████)████ ██••██•••• █•██████•█••• █•••• █@z••••••••██•••••• █•z███••••• ██••••• █••)• •• █••••• █•••••• •••(███ █•••••••• •███ █•••••••• █•••••••• █••••••••

You could see 2 wights.

Vanquished Creatures
  Prince Ribbit (D:6)
  An ice beast (D:6)
  2 black bears (D:6)
  An ogre (D:5)
  2 phantoms (D:5)
  7 scorpions
  A gnoll sergeant (D:5)
  2 wights
  2 howler monkeys
  4 hounds
  An orc priest (D:5)
  An iron imp (D:5)
  3 jellies
  2 iguanas
  Natasha (thrice) (D:2)
  6 orc wizards
  5 adders
  4 gnolls (D:5)
  3 white imps
  An ufetubus (D:4)
  2 worms
  12 dart slugs
  23 orcs
  7 ball pythons
  7 endoplasms
  4 giant cockroaches
  8 goblins
  2 hobgoblins
  3 quokkas
  4 bats
  2 frilled lizards (D:1)
  7 kobolds
  10 rats (D:1)
143 creatures vanquished.

Vanquished Creatures (others)
  6 demonic plants (D:2)
  6 foxfires (D:6)
  A fungus (D:2)
  2 withered plants (D:2)
15 creatures vanquished.

Grand Total: 158 creatures vanquished

Notes
Turn   | Place    | Note
-------+----------+-------------------------------------------
     0 | D:1      | Tycho the Gargoyle Earth Elementalist began the quest for
                  | the Orb.
     0 | D:1      | Reached XP level 1. HP: 10/10 MP: 3/3
   315 | D:1      | Reached XP level 2. HP: 11/15 MP: 3/5
   318 | D:1      | Reached skill level 4 in Earth Magic
  1518 | D:1      | Reached XP level 3. HP: 17/19 MP: 6/6
  1522 | D:1      | Learned a level 3 spell: Stone Arrow
  1849 | D:2      | Noticed Natasha
  1854 | D:2      | Killed Natasha
  1855 | D:2      | Reached skill level 1 in Conjurations
  1855 | D:2      | Reached XP level 4. HP: 17/24 MP: 8/8
  2514 | D:2      | Identified the +1 dagger "Qomnej" {venom, Will+ rCorr
                  | Str-3}
  2569 | D:2      | Found a faded altar of an unknown god.
  2826 | D:2      | Noticed Natasha
  2842 | D:2      | Killed Natasha
  3002 | D:2      | Noticed Natasha
  3007 | D:2      | Killed Natasha
  3008 | D:2      | Reached skill level 5 in Earth Magic
  3008 | D:2      | Reached XP level 5. HP: 23/28 MP: 7/9
  3637 | D:3      | Upgraded the game from 0.29-a0-542-g075992c915 to
                  | 0.29-a0-670-g5ff2a30383
  3825 | D:4      | Found a sacrificial altar of Ru.
  3839 | D:4      | Reached XP level 6. HP: 32/32 MP: 9/11
  4222 | D:4      | Found a staircase to the Ecumenical Temple.
  4230 | Temple   | Entered the Ecumenical Temple
  4254 | Temple   | Became a worshipper of Vehumet
  4471 | D:4      | Reached skill level 6 in Earth Magic
  4567 | D:4      | Reached XP level 7. HP: 36/36 MP: 10/13
  4942 | D:5      | Entered Level 5 of the Dungeon
  5067 | D:5      | Reached skill level 1 in Fighting
  5067 | D:5      | Reached skill level 1 in Armour
  5068 | D:5      | Reached skill level 1 in Maces & Flails
  5068 | D:5      | Reached skill level 1 in Evocations
  5111 | D:5      | Found a snail-covered altar of Cheibriados.
  5375 | D:5      | Reached XP level 8. HP: 15/43 MP: 7/14
  5716 | D:5      | Identified the ring "Ucont" {rF+ EV+4 Str+3}
  5808 | D:5      | Reached skill level 1 in Shields
  5876 | D:5      | Reached * piety under Vehumet
  5876 | D:5      | Offered knowledge of Foxfire by Vehumet.
  5883 | D:5      | Learned a level 1 spell: Foxfire
  5893 | D:5      | Reached skill level 1 in Fire Magic
  6217 | D:6      | Noticed Prince Ribbit
  6230 | D:6      | Reached skill level 7 in Earth Magic
  6237 | D:6      | Killed Prince Ribbit
  6238 | D:6      | Reached skill level 5 in Spellcasting
  6342 | D:6      | Reached XP level 9. HP: 39/49 MP: 16/16
  6403 | D:6      | Reached skill level 5 in Conjurations
  6641 | D:6      | Found a sparkling altar of Nemelex Xobeh.
  7461 | D:6      | Slain by a wight

Illustrated notes

Levels and vault maps discovered:
D:1:      nzn_arrival_depleted_hourglass, layout_basic, minmay_rat_gold_closets
D:2:      layout_loops_corners, shapermc_ecumenical_altar_gd,
          grunt_decor_fettered, minmay_misc_feat_tiny, uniq_natasha
D:3:      layout_basic
D:4:      kennysheep_slugbush, layout_loops_ring,
          mainiacjoe_overflow_concentric_impassable,
          minmay_temple_entry_steel_oval, minmay_misc_feat_roman
D:5:      layout_loops_ring, slow_altar_1, nicolae_sextant, item_on_display_a
D:6:      layout_loops_ring, overflow_temple_1_default,
          nicolae_tso_besieged_by_evil, kennysheep_decorative_pillar,
          kennysheep_generic_room_7, uniq_prince_ribbit1
Temple:   nicolae_temple_elliptical

Skill      XL: |  1  2  3  4  5  6  7  8  9 |
---------------+----------------------------+-----
Earth Magic    | 4 5 6 7 |  7.3
Conjurations   | 1 2 3 4 5 |  5.1
Spellcasting   | 3 4 5 |  5.1
Fighting       | 1 2 3 |  3.1
Armour         | 1 2 3 |  3.1
Maces & Flails | 1 2 |  2.8
Evocations     | 1 2 |  2.6
Dodging        | 2 3 |  3.0
Shields        | 2 |  2.3
Fire Magic     | 1 2 |  2.2
Stealth        | |  2.1
Transmutations | |  0.7

Action                   |  1- 3 |  4- 6 |  7- 9 || total
-------------------------+-------+-------+-------++-------
Melee: Club              |    31 |       |       ||    31
       Unarmed           |     3 |       |       ||     3
       Whip              |    53 |       |       ||    53
       Spear             |     3 |   154 |   128 ||   285
       Punch             |       |     4 |     2 ||     6
 Cast: Sandblast         |     7 |     6 |    63 ||    76
       Foxfire           |       |       |     3 ||     3
  Use: Scroll            |       |    10 |     5 ||    15
 Stab: Sleeping          |     7 |     3 |     1 ||    11
       Distracted        |       |     1 |       ||     1
Armor: Robe              |    28 |    23 |       ||    51
       Leather armour    |       |    45 |    81 ||   126
Dodge: Dodged            |    45 |    91 |   147 ||   283

Table legend: (Time is in decaauts)
 A = Elapsed time spent in this place.
 B = Non-inter-level travel time spent in this place.
 C = Inter-level travel time spent in this place.
 D = Time resting spent in this place.
 E = Time spent auto-exploring this place.
 F = Levels seen in this place.
 G = Mean time per level.
                   A        B        C        D        E       F      G
               +--------+--------+--------+--------+--------+-----+--------+
         Total |   7585 |   7391 |    194 |    695 |   5109 |   7 | 1083.6 |
       Dungeon |   7406 |   7244 |    162 |    695 |   4995 |   6 | 1234.3 |
        Temple |    178 |    146 |     32 |      0 |    114 |   1 |  178.0 |
               +--------+--------+--------+--------+--------+-----+--------+

Top non-repeatable levels by time:
     D:1: 1740 daAuts
     D:2: 1354 daAuts
     D:5: 1317 daAuts
     D:6: 1275 daAuts
     D:4: 972 daAuts
     D:3: 745 daAuts
  Temple: 178 daAuts
